 Dungeon Crawl Stone Soup version 0.30-a0-596-g0af90f9a20 (webtiles) character file.

Game seed: 17268019788200263067

133 ragingrage the Gusty (level 5, -2/28 HPs)
             Began as a Tengu Air Elementalist on Jan 6, 2023.
             Killed from afar by an orc wizard (7 damage)
             ... with a magic dart
             ... on level 3 of the Dungeon.
             The game lasted 00:02:21 (2494 turns).

ragingrage the Gusty (Tengu Air Elementalist)       Turns: 2494, Time: 00:02:21

Health: -2/28      AC:  2    Str:  9    XL:     5   Next: 16%
Magic:  1/9        EV: 14    Int: 17    God:
Gold:   153        SH:  0    Dex: 14    Spells: 2/8 levels left

rFire   . . .      SeeInvis .    g - +0 short sword (speed)
rCold   . . .      Faith    .    (no shield)
rNeg    . . .      Spirit   .    a - +0 robe
rPois   .          Reflect  .    (helmet restricted)
rElec   .          Harm     .    (no cloak)
rCorr   .          Rampage  .    (no gloves)
Will    .....                    (boots unavailable)
Stlth   ++                       (no amulet)
HPRegen 0.24/turn                (no ring)
MPRegen 0.11/turn                (no ring)

@: brilliant, flying quickly and evasively, quick
A: beak, talons 3, nimble flight
a: no special abilities


You were on level 3 of the Dungeon.
You visited 1 branch of the dungeon, and saw 3 of its levels.

You collected 153 gold pieces.

Inventory:

Hand Weapons
 g - a +0 short sword of speed (weapon)
 j - a +0 sling
Armour
 a - a +0 robe (worn)
Scrolls
 c - a scroll of magic mapping {unknown}
 d - 4 scrolls of teleportation {unknown}
 h - a scroll of fog {unknown}
 i - 3 scrolls of identify {unknown}
 l - 2 scrolls of poison {unknown}
 m - 2 scrolls of brand weapon {unknown}
 o - 3 scrolls of enchant weapon {unknown}
 p - a scroll of blinking {unknown}
Potions
 b - 2 potions of magic
 e - a potion of brilliance
 f - a potion of haste {unknown}
 k - a potion of mutation {unknown}
 n - 4 potions of curing {unknown}


   Skills:
 - Level 2.1 Dodging
 - Level 2.0 Stealth
 - Level 2.0 Spellcasting
 + Level 4.5 Conjurations
 + Level 6.0 Air Magic


You had 2 spell levels left.
You knew the following spells:

 Your Spells              Type           Power      Damage    Failure   Level
a - Shock                 Conj/Air       100%       1d9       2%          1
b - Static Discharge      Conj/Air       58%        2-5/arc   3%          2
c - Swiftness             Air            33%        N/A       4%          3

Your spell library contained the following spells:

 Spells                   Type           Power      Damage    Failure   Level
 Kiss of Death            Conj/Necr      56%        2d9       8%          1
 Poisonous Vapours        Pois/Air       34%        N/A       9%          2
 Cigotuvi's Dreadful Rot  Necr/Pois/Air  24%        N/A       13%         2
 Mephitic Cloud           Conj/Pois/Air  20%        N/A       14%         3
 Airstrike                Air            16%        2d(3-19)  16%         4
 Confusing Touch          Hex            2%         N/A       50%         3
 Tukima's Dance           Hex            2%         N/A       50%         3
 Dispel Undead            Necr           2%         3d7       88%         4
 Passage of Golubria      Tloc           2%         N/A       88%         4
 Yara's Violent Unravell  Hex/Tmut       1%         3d3       99%         5


Dungeon Overview and Level Annotations

Branches:
Dungeon (3/15)

Altars:


Innate Abilities, Weirdness & Mutations

You have a beak for a mouth.
You have claws for feet.
Your magical nature lets you fly swiftly and evasively.


Message History

The orc wizard is heavily wounded.
The orc wizard hits you with a +0 dagger.
Aiming: Shock (safe; 2% risk of failure)
Press: ? - help, Q - select action, (/) - cycle Shift-Dir - straight line, f/p - orc wizard
Aim: an orc wizard, wielding a +0 dagger and wearing a +0 robe (heavily wounded, 64% to hit)
The zap misses the orc wizard.
The orc wizard gestures at you while chanting.
The puff of flame misses you.
Aiming: Shock (safe; 2% risk of failure)
Press: ? - help, Q - select action, (/) - cycle Shift-Dir - straight line, f/p - orc wizard
Aim: an orc wizard, wielding a +0 dagger and wearing a +0 robe (heavily wounded, 64% to hit)
The zap hits the orc wizard.
The orc wizard is almost dead.
The orc wizard completely misses you.
Aiming: Shock (safe; 2% risk of failure)
Press: ? - help, Q - select action, (/) - cycle Shift-Dir - straight line, f/p - orc wizard
Aim: an orc wizard, wielding a +0 dagger and wearing a +0 robe (almost dead, 64% to hit)
The zap misses the orc wizard.
The orc wizard casts a spell at you. You resist with some effort.
Aiming: Shock (safe; 2% risk of failure)
Press: ? - help, Q - select action, (/) - cycle Shift-Dir - straight line, f/p - orc wizard
Aim: an orc wizard, wielding a +0 dagger and wearing a +0 robe (almost dead, 64% to hit)
The zap hits the orc wizard.
The orc wizard is almost dead.
The orc wizard points at you and mumbles some strange words.
The magic dart hits you!
* * * LOW HITPOINT WARNING * * *
You barely miss the orc wizard. Your kick misses the orc wizard.
The orc wizard is almost dead.
The orc wizard misses you.
You hit the orc wizard but do no damage.
The orc wizard is almost dead.
The orc wizard hits you with a +0 dagger.
* * * LOW HITPOINT WARNING * * *
It was a potion of brilliance.
You feel clever all of a sudden.
The orc wizard points at you and mumbles some strange words.
The magic dart hits you!
You die...

..#
#.##..................)..
###
#.#####.#.####..#########
#.#####.#...<...#
#..)....#######.####
######### #....##
##.....##### ###
##...........
##.#####.........#
#.#@o....).......###
##.#####............ #.#
##.......###. #.#
#........# . ######.#
##.....#.###. #.|....#
##.####..... #.###### #.
###... #.# #. ##.... #.#
##+## #.....


You could see an orc wizard.

Vanquished Creatures
  An orc priest (D:3)
  An orc wizard (D:3)
  2 adders
  A dart slug (D:1)
  9 orcs (D:3)
  7 endoplasms
  A giant cockroach (D:1)
  3 goblins
  4 hobgoblins (D:1)
  3 kobolds (D:1)
  3 quokkas
  2 ball pythons (D:2)
  4 bats
  4 frilled lizards
  7 rats
52 creatures vanquished.

Notes
Turn   | Place    | Note
-------+----------+-------------------------------------------
     0 | D:1      | ragingrage the Tengu Air Elementalist began the quest for
                  | the Orb.
     0 | D:1      | Reached XP level 1. HP: 10/10 MP: 4/4
   225 | D:1      | Reached XP level 2. HP: 15/15 MP: 4/6
   543 | D:1      | Reached XP level 3. HP: 14/19 MP: 4/7
   546 | D:1      | Learned a level 2 spell: Static Discharge
   550 | D:1      | Learned a level 3 spell: Swiftness
   916 | D:2      | Reached skill level 5 in Air Magic
  1817 | D:3      | Reached XP level 4. HP: 24/24 MP: 3/8
  2104 | D:3      | Gained mutation: Your magical nature lets you fly swiftly
                  | and evasively. [Tengu growth]
  2104 | D:3      | Reached XP level 5. HP: 13/28 MP: 2/9
  2321 | D:3      | Reached skill level 6 in Air Magic
  2494 | D:3      | Killed from afar by an orc wizard

Illustrated notes

Levels and vault maps discovered:
D:1:      co_arrival_square_in_a_square_in_a_square, layout_rooms
D:2:      layout_basic, grunt_ministairs_7
D:3:      layout_loops_corners

Skill      XL: |  1  2  3  4  5 |
---------------+----------------+-----
Conjurations   | 2 3 4 |  4.5
Air Magic      | 5 6 |  6.0
Dodging        | |  2.1
Stealth        | |  2.0
Spellcasting   | |  2.0

Action                   |  1- 3 |  4- 6 || total
-------------------------+-------+-------++-------
Melee: Unarmed           |     2 |       ||     2
       Kick              |     5 |     2 ||     7
       Short sword       |     8 |    14 ||    22
 Cast: Shock             |    59 |    35 ||    94
  Use: Potion            |       |     1 ||     1
Armor: Robe              |     4 |       ||     4
Dodge: Dodged            |     8 |     8 ||    16

Table legend: (Time is in decaauts)
 A = Elapsed time spent in this place.
 B = Non-inter-level travel time spent in this place.
 C = Inter-level travel time spent in this place.
 D = Time resting spent in this place.
 E = Time spent auto-exploring this place.
 F = Levels seen in this place.
 G = Mean time per level.
                   A        B        C        D        E       F      G
               +--------+--------+--------+--------+--------+-----+--------+
         Total |   2462 |   2363 |     99 |    358 |   1716 |   3 |  820.7 |
       Dungeon |   2462 |   2363 |     99 |    358 |   1716 |   3 |  820.7 |
               +--------+--------+--------+--------+--------+-----+--------+

Top non-repeatable levels by time:
     D:2: 859 daAuts
     D:3: 847 daAuts
     D:1: 756 daAuts
